 Dungeon Crawl Stone Soup version 0.30.1-4-g462c640d31 (webtiles) character file.

Game seed: 7196668157451317528

1485 FishyPogo the Insei (level 8, -5/61 HPs)
             Began as a Gnoll Transmuter on Sept 4, 2023.
             Was a Follower of Wu Jian.
             Slain by a water moccasin (7 damage)
             ... on level 6 of the Dungeon.
             The game lasted 00:17:14 (4553 turns).

FishyPogo the Insei (Gnoll Transmuter)              Turns: 4553, Time: 00:17:14

Health: -5/61      AC:  2    Str: 10    XL:     8   Next: 79%
Magic:  17/17      EV: 14    Int: 15    God:    Wu Jian [*.....]
Gold:   204        SH:  0    Dex: 12    Spells: 7/19 levels left

rFire   . .          .
                       - Unarmed
rCold   . . .        (no shield)
rNeg    . . .        a - +0 robe
rPois   .            (helmet currently unavailable)
rElec   .            (no cloak)
rCorr   .            (no gloves)
SInv    .            p - melded +2 pair of boots
Will    .....        q - amulet of regeneration
Stlth   ++           l - ring of wizardry
HPRegen 1.10/turn    (no ring)
MPRegen 0.15/turn

%: wizardry (x1)
@: lethally poisoned (-5 -> -5), appendages
A: horns 2, talons 2, fangs 1, strong nose, distributed training
a: End Transformation, Renounce Religion


You were on level 6 of the Dungeon.
You worshipped Wu Jian.
Wu Jian was aware of your devotion.
You had temporarily grown beastly horns and talons.
You visited 1 branch of the dungeon, and saw 6 of its levels.
You also visited: Sewer.

You collected 204 gold pieces.

Inventory:

Missiles
 d - 36 stones
 u - a poisoned dart
Armour
 a - a +0 robe (worn)
 p - a +2 pair of boots (melded)
Jewellery
 l - a ring of wizardry (left hand)
 q - an amulet of regeneration (around neck)
 w - an amulet of magic regeneration
Scrolls
 e - 2 scrolls of fear {unknown}
 f - a scroll of butterflies {unknown}
 i - 3 scrolls of enchant armour
 j - 3 scrolls of magic mapping
 k - a scroll of brand weapon
 m - a scroll of blinking {unknown}
 o - a scroll of immolation
 t - 2 scrolls of teleportation
 x - a scroll of silence {unknown}
 y - a scroll of enchant weapon {unknown}
Potions
 b - a potion of lignification
 c - 2 potions of degeneration
 h - 2 potions of brilliance
 n - a potion of magic {unknown}
 r - a potion of cancellation {unknown}
 s - a potion of haste
 v - 3 potions of might
 z - a potion of flight {unknown}


   Skills:
 + Level 4.6 Fighting
 + Level 3.7 Short Blades
 + Level 3.7 Long Blades
 + Level 3.7 Axes
 + Level 3.7 Maces & Flails
 + Level 3.7 Polearms
 + Level 3.7 Staves
 + Level 3.7 Ranged Weapons
 + Level 3.7 Throwing
 + Level 3.7 Armour
 + Level 6.0 Dodging
 + Level 3.7 Stealth
 + Level 3.7 Shields
 + Level 7.6 Unarmed Combat
 + Level 6.3 Spellcasting
 + Level 3.0 Conjurations
 + Level 3.0 Hexes
 + Level 3.0 Summonings
 + Level 3.0 Necromancy
 + Level 3.0 Translocations
 + Level 4.9 Transmutations
 + Level 3.0 Fire Magic
 + Level 3.0 Ice Magic
 + Level 3.0 Air Magic
 + Level 3.0 Earth Magic
 + Level 3.0 Poison Magic
 + Level 4.1 Invocations
 + Level 3.7 Evocations


You had 7 spell levels left.
You knew the following spells:

 Your Spells              Type           Power      Damage    Failure   Level
a - Beastly Appendage     Tmut           38%        N/A       1%          1
b - Wereblood             Tmut           19%        N/A       1%          2
c - Spider Form           Tmut/Pois      16%        N/A       3%          3
d - Ice Form              Ice/Tmut       16%        N/A       11%         4
e - Ensorcelled Hibernat  Hex/Ice        26%        N/A       2%          2

Your spell library contained the following spells:

 Spells                   Type           Power      Damage    Failure   Level
 Sandblast                Erth           26%        2d8       1%          1
 Passwall                 Tmut/Erth      13%        N/A       1%          2
 Lesser Beckoning         Tloc           26%        N/A       2%          2
 Gell's Gravitas          Tloc           13%        N/A       4%          3
 Stone Arrow              Conj/Erth      26%        3d8       4%          3
 Teleport Other           Tloc           13%        N/A       4%          3
 Anguish                  Hex/Necr       6%         N/A       16%         4


Dungeon Overview and Level Annotations

Branches:
Dungeon (6/15)             Temple (0/1) D:4           Sewer (visited)

Altars:
Kikubaaqudgha
Makhleb
Sif Muna
Wu Jian
Xom

Shops:
D:1 (   D:6 **


Innate Abilities, Weirdness & Mutations

You have temporarily grown beastly horns and talons.
You have very sharp teeth.
Your uncanny sense of smell can sniff out nearby items.
Your experience applies equally to all skills.


Message History

Your headbutt misses the water moccasin.
Your bite misses the water moccasin.
The water moccasin is moderately wounded.
You feel sick. The water moccasin closely misses you.
You barely miss the water moccasin. You punch the water moccasin.
The water moccasin is heavily wounded.
You feel sick. The water moccasin bites you.
You miss the water moccasin. Your bite misses the water moccasin.
The water moccasin is heavily wounded.
You feel sick. The water moccasin barely misses you.
The water moccasin closely misses you.
You completely miss the water moccasin. Your kick misses the water moccasin.
The water moccasin is heavily wounded.
You feel sick. The water moccasin bites you!
You are more poisoned.
The water moccasin poisons you!
You hit the water moccasin. Your punch misses the water moccasin.
The water moccasin is severely wounded.
You feel very sick. The water moccasin bites you.
You closely miss the water moccasin. Your kick misses the water moccasin.
You headbutt the water moccasin.
The water moccasin is severely wounded.
You feel sick. The water moccasin bites you.
* * * LOW HITPOINT WARNING * * *
You closely miss the water moccasin. You claw the water moccasin.
Your punch misses the water moccasin. Your bite misses the water moccasin.
The water moccasin is severely wounded.
You feel sick. The water moccasin bites you.
* * * LOW HITPOINT WARNING * * *
You hit the water moccasin.
Your headbutt misses the water moccasin.
The water moccasin is almost dead.
You feel sick. The water moccasin bites you!
* * * LOW HITPOINT WARNING * * *
You hit the water moccasin but do no damage.
Your kick misses the water moccasin.
The water moccasin is almost dead.
You feel sick. The water moccasin bites you!
You die...

..# .. ..#####
... .......
...# ## .......
.....#. .......
...#.#.#.......
.[.............
.......<.......
....#..@....##.
......†S....#
.............+
.........##+##
+#...#....
#...#..>..
.....#.....
.... #......


You could see a water moccasin.

Vanquished Creatures
  Prince Ribbit (D:5)
  A sky beast (D:6)
  4 phantoms
  2 bullfrogs (Sewer)
  A gnoll sergeant (D:5)
  4 scorpions
  4 hounds (D:5)
  A sleepcap (D:4)
  Jessica (D:2)
  2 iguanas
  10 adders
  6 river rats
  A white imp (D:5)
  A worm (D:2)
  8 orcs
  10 endoplasms
  8 goblins
  3 hobgoblins
  10 jackals
  5 quokkas
  13 ball pythons
  4 bats
  5 frilled lizards
  6 kobolds
  22 rats
133 creatures vanquished.

Notes
Turn   | Place    | Note
-------+----------+-------------------------------------------
     0 | D:1      | FishyPogo the Gnoll Transmuter began the quest for the Orb.
     0 | D:1      | Reached XP level 1. HP: 17/17 MP: 6/6
   118 | D:1      | Reached XP level 2. HP: 21/23 MP: 7/7
   123 | D:1      | Learned a level 2 spell: Wereblood
   745 | D:1      | Reached skill level 5 in Spellcasting
   745 | D:1      | Reached XP level 3. HP: 28/28 MP: 4/9
   786 | D:1      | Found Afetot's Weapon Emporium.
  1133 | D:2      | Reached skill level 1 in Invocations
  1503 | D:2      | Reached skill level 1 in Short Blades
  1503 | D:2      | Reached skill level 1 in Long Blades
  1503 | D:2      | Reached skill level 1 in Axes
  1503 | D:2      | Reached skill level 1 in Maces & Flails
  1503 | D:2      | Reached skill level 1 in Polearms
  1503 | D:2      | Reached skill level 1 in Staves
  1503 | D:2      | Reached skill level 1 in Ranged Weapons
  1503 | D:2      | Reached skill level 1 in Throwing
  1503 | D:2      | Reached skill level 1 in Armour
  1503 | D:2      | Reached skill level 1 in Stealth
  1503 | D:2      | Reached skill level 1 in Shields
  1503 | D:2      | Reached skill level 1 in Evocations
  1568 | D:2      | Noticed Jessica
  1582 | D:2      | Killed Jessica
  1583 | D:2      | Reached XP level 4. HP: 33/34 MP: 7/11
  1723 | D:3      | Reached skill level 1 in Conjurations
  1723 | D:3      | Reached skill level 1 in Hexes
  1723 | D:3      | Reached skill level 1 in Summonings
  1723 | D:3      | Reached skill level 1 in Necromancy
  1723 | D:3      | Reached skill level 1 in Translocations
  1723 | D:3      | Reached skill level 1 in Fire Magic
  1723 | D:3      | Reached skill level 1 in Ice Magic
  1723 | D:3      | Reached skill level 1 in Air Magic
  1723 | D:3      | Reached skill level 1 in Earth Magic
  1723 | D:3      | Reached skill level 1 in Poison Magic
  1743 | D:3      | Found a glowing drain.
  1761 | Sewer    | Entered a sewer
  1839 | Sewer    | Reached XP level 5. HP: 40/40 MP: 10/12
  2039 | Sewer    | Reached skill level 5 in Dodging
  2039 | Sewer    | Reached XP level 6. HP: 30/47 MP: 11/14
  2138 | D:3      | Found an ornate altar of the Wu Jian Council.
  2146 | D:3      | Became a worshipper of the Wu Jian Council
  2650 | D:3      | Found a burning altar of Makhleb.
  3251 | D:4      | Reached skill level 7 in Unarmed Combat
  3251 | D:4      | Reached XP level 7. HP: 51/52 MP: 15/15
  3288 | D:4      | Learned a level 3 spell: Spider Form
  3293 | D:4      | Learned a level 4 spell: Ice Form
  3304 | D:4      | Found a shimmering blue altar of Sif Muna.
  3517 | D:4      | Found a staircase to the Ecumenical Temple.
  3802 | D:4      | Learned a level 2 spell: Ensorcelled Hibernation
  3834 | D:5      | Entered Level 5 of the Dungeon
  3919 | D:5      | Reached * piety under Wu Jian
  4036 | D:5      | Reached XP level 8. HP: 60/60 MP: 14/16
  4051 | D:5      | Noticed Prince Ribbit
  4067 | D:5      | Killed Prince Ribbit
  4441 | D:6      | Found Xaenohav's Specific Store.
  4444 | D:6      | Found Hofac's General Store.
  4459 | D:6      | Found a shimmering altar of Xom.
  4501 | D:6      | Found an ancient bone altar of Kikubaaqudgha.
  4552 | D:6      | HP: 3/61 [water moccasin (9)]
  4553 | D:6      | Slain by a water moccasin

Illustrated notes

Levels and vault maps discovered:
D:1:      erik_arrival_orb_chamber, layout_basic, serial_shops,
          nicolae_square_shop, amcnicky_mini_pool_small
D:2:      layout_rooms, minmay_misc_feat_rows, minmay_misc_feat_iff,
          uniq_jessica
D:3:      layout_basic, nicolae_wu_jian_wuxing_cycle,
          lemuel_coloured_pillars_altar, portal_sewer_entry_c
D:4:      layout_basic, lemuel_doored_altar, minmay_temple_entry_large_hall
D:5:      layout_cave_pools, uniq_prince_ribbit1
D:6:      layout_basic, grunt_temple_overflow_open,
          nicolae_overflow_hidden_temple, nicolae_specific_store

Skill      XL: |  1  2  3  4  5  6  7  8 |
---------------+-------------------------+-----
Spellcasting   | 5 6 |  6.3
Invocations    | 1 2 3 4 |  4.1
Short Blades   | 1 2 3 |  3.7
Long Blades    | 1 2 3 |  3.7
Axes           | 1 2 3 |  3.7
Maces & Flails | 1 2 3 |  3.7
Polearms       | 1 2 3 |  3.7
Staves         | 1 2 3 |  3.7
Ranged Weapons | 1 2 3 |  3.7
Throwing       | 1 2 3 |  3.7
Armour         | 1 2 3 |  3.7
Stealth        | 1 2 3 |  3.7
Shields        | 1 2 3 |  3.7
Evocations     | 1 2 3 |  3.7
Conjurations   | 1 2 3 |  3.0
Hexes          | 1 2 3 |  3.0
Summonings     | 1 2 3 |  3.0
Necromancy     | 1 2 3 |  3.0
Translocations | 1 2 3 |  3.0
Fire Magic     | 1 2 3 |  3.0
Ice Magic      | 1 2 3 |  3.0
Air Magic      | 1 2 3 |  3.0
Earth Magic    | 1 2 3 |  3.0
Poison Magic   | 1 2 3 |  3.0
Fighting       | 3 4 |  4.6
Transmutations | 4 |  4.9
Dodging        | 5 6 |  6.0
Unarmed Combat | 7 |  7.6

Action                     |  1- 3 |  4- 6 |  7- 9 || total
---------------------------+-------+-------+-------++-------
  Melee: Unarmed           |    89 |   154 |   174 ||   417
         Kick              |    21 |    36 |    43 ||   100
         Headbutt          |    10 |    20 |    29 ||    59
         Bite              |    10 |    15 |    18 ||    43
         Punch             |     1 |     4 |     7 ||    12
  Throw: Dart              |       |       |     2 ||     2
         Stone             |       |       |     1 ||     1
   Cast: Beastly Appendage |    27 |    21 |    25 ||    73
         Wereblood         |     3 |     5 |     2 ||    10
Ability: Lunge             |       |     3 |     7 ||    10
    Use: Potion            |       |     7 |       ||     7
         Scroll            |       |     2 |     4 ||     6
   Stab: Sleeping          |     1 |     1 |     5 ||     7
 Armour: Robe              |    18 |    18 |    18 ||    54
  Dodge: Dodged            |    39 |   114 |    97 ||   250
